 Dungeon Crawl Stone Soup version 0.19.4-12-gccf7e64 (webtiles) character file.

171 vatarom the Vexing (level 5, 0/33 HPs)
             Began as a Kobold Enchanter on Feb 26, 2017.
             Succumbed to a worker ant's poison
             ... on level 3 of the Dungeon.
             The game lasted 00:08:24 (2415 turns).

vatarom the Vexing (Kobold Enchanter)               Turns: 2415, Time: 00:08:25

Health: 0/33       AC:  8    Str:  7    XL:     5   Next: 81%
Magic:  13/17      EV: 15    Int: 16    God:
Gold:   101        SH:  0    Dex: 15    Spells: 3 memorised, 2 levels left

rFire  . . .     SeeInvis .     a - +1 dagger
rCold  . . .     Gourm    .     b - +1 robe
rNeg   . . .     Faith    .     (shield restricted)
rPois  .         Spirit   .     (no helmet)
rElec  .         Reflect  .     e - +1 cloak
rCorr  .         Harm     .     (no gloves)
MR     .....                    g - +2 pair of boots
Stlth  +++.......               (no amulet)
                                (no ring)
                                h - ring of magical power

@: lethally poisoned (0 -> -3)
A: carnivore 3
a: no special abilities


You were on level 3 of the Dungeon.
You were very full.

You visited 1 branch of the dungeon, and saw 3 of its levels.

You collected 101 gold pieces.

Inventory:

Hand Weapons
 a - a +1 dagger (weapon)
Armour
 b - a +1 robe (worn)
 e - a +1 cloak (worn)
 g - a +2 pair of boots (worn)
Jewellery
 h - a ring of magical power (left hand)
Wands
 k - a wand of iceblast (8/15)
Scrolls
 i - a scroll of remove curse
Books
 c - a book of Maledictions

   Spells                             Type                      Level
   a - Corona                         Hexes                        1
   b - Ensorcelled Hibernation        Hexes/Ice                    2
   c - Confuse                        Hexes                        3
   d - Tukima's Dance                 Hexes                        3
   e - Dazzling Spray                 Conjuration/Hexes            3
Comestibles
 d - 3 meat rations


   Skills:
 - Level 3.8 Fighting
 + Level 2.3 Short Blades
 - Level 2.4 Dodging
 - Level 4.0 Stealth
 - Level 2.1 Spellcasting
 - Level 4.4 Hexes


You had 2 spell levels left.
You knew the following spells:

 Your Spells              Type           Power        Failure   Level  Hunger
a - Corona                Hex            ###....      4%          1    #......
b - Ensorcelled Hibernat  Hex/Ice        #.....       14%         2    ###....
c - Confuse               Hex            ###.....     12%         3    ###....


Dungeon Overview and Level Annotations

Branches:
Dungeon (3/15)

Altars:
Ashenzari
Dithmenos
Fedhas
Hepliaklqana
Makhleb
Okawaru
Qazlal
Xom
Yredelemnul


Innate Abilities, Weirdness & Mutations

You are small and have problems with some larger weapons.
You are carnivorous and can eat meat at any time.


Message History

Keep eating? [Y]es or [N]o only, please.
Keep eating?
* * * LOW HITPOINT WARNING * * *
You feel sick.
You continue eating. x2
* * * LOW HITPOINT WARNING * * *
You feel sick.
You finish eating.
That meat ration really hit the spot!
Unknown command.
Unknown command.
Unknown command.
Unknown command.
* * * LOW HITPOINT WARNING * * *
You feel sick.
Unknown command.
Unknown command.
* * * LOW HITPOINT WARNING * * *
You feel sick.
You die...

*,,,.._....................
*,*.......#...>............
*,*.......#....####........
*,**.....*#....# ###.......
*,*###.####....###......##.
*,,............##...##.###.
***,###...................#.
*,,,.......#.........####.#.
*,,,.......@##.......* #.#.
*,,,.........#,...##.#* #...
*,,,.........##...#...###..#
****#######........._......#
*,,,......#.#...###...#.....
*,,,............# ##.##..)..
*,,,......#..##.# #........
*,,,............####........
****#######...#.............


There were no monsters in sight!

Vanquished Creatures
  A bullfrog skeleton (D:3)
  A worker ant (D:3)
  5 adders
  An ooze (D:1)
  A worm (D:2)
  2 leopard geckos
  8 orcs (D:3)
  3 bats (D:1)
  A giant cockroach (D:3)
  10 goblins
  9 hobgoblins
  3 kobolds
  2 quokkas
  A ball python (D:3)
  4 frilled lizards
  9 rats
61 creatures vanquished.

Notes
Turn   | Place    | Note
-------+----------+-------------------------------------------
     0 | D:1      | vatarom the Kobold Enchanter began the quest for the Orb.
     0 | D:1      | Reached XP level 1. HP: 10/10 MP: 3/3
   199 | D:1      | Reached skill level 1 in Fighting
   199 | D:1      | Reached XP level 2. HP: 17/17 MP: 5/5
   300 | D:1      | Learned a level 2 spell: Ensorcelled Hibernation
   626 | D:1      | Reached XP level 3. HP: 13/22 MP: 6/6
   667 | D:1      | Learned a level 3 spell: Confuse
   714 | D:1      | Found a shimmering altar of Xom.
   716 | D:1      | Found a shimmering altar of Xom.
   716 | D:1      | Found a blossoming altar of Fedhas.
   718 | D:1      | Found a burning altar of Makhleb.
   718 | D:1      | Found a blossoming altar of Fedhas.
   718 | D:1      | Found a hazy altar of Hepliaklqana.
   979 | D:2      | Reached XP level 4. HP: 25/28 MP: 7/7
  1097 | D:2      | Found a shattered altar of Ashenzari.
  1430 | D:3      | Found a hazy altar of Hepliaklqana.
  1454 | D:3      | Found a shadowy altar of Dithmenos.
  1460 | D:3      | Reached XP level 5. HP: 33/33 MP: 8/8
  1797 | D:3      | Found a burning altar of Makhleb.
  1798 | D:3      | Found a basalt altar of Yredelemnul.
  1848 | D:3      | Found an iron altar of Okawaru.
  2285 | D:3      | Found a stormy altar of Qazlal.
  2410 | D:3      | HP: 1/33 [poisoned by a worker ant]
  2415 | D:3      | Succumbed to a worker ant's poison

Skill      XL: |  1  2  3  4  5 |
---------------+----------------+-----
Fighting       | 1 2 3 |  3.8
Hexes          | 4 |  4.4
Short Blades   | 2 |  2.3
Dodging        | |  2.4
Stealth        | |  4.0
Spellcasting   | |  2.1

Action                   |  1- 3 |  4- 6 || total
-------------------------+-------+-------++-------
Melee: Dagger            |    99 |   168 ||   267
 Cast: Corona            |     1 |       ||     1
       Ensorcelled Hiber |     9 |     7 ||    16
       Confuse           |     1 |    16 ||    17
Evoke: Wand              |       |     1 ||     1
  Use: Potion            |     1 |     4 ||     5
       Scroll            |     3 |     5 ||     8
 Stab: Sleeping          |     5 |     5 ||    10
       Confused          |     1 |     7 ||     8
  Eat: Chunk             |     8 |     1 ||     9
       Meat ration       |       |     1 ||     1
Armor: Robe              |    40 |    49 ||    89
       Skin              |       |    11 ||    11
Dodge: Dodged            |   107 |   125 ||   232
